AoeStats
← Reinhardlunsen

Fortress

508488619Analyzed
4v4 RM · 9d ago on Sep 22, 2026· 31m 17s· 8 players
Game mode
Random Map
Map size
Huge
Population
200
Speed
Normal
Resources
Standard
Victory
Conquest
Starting age
Dark Age
Ending age
Imperial Age
RankedLock teamsTeams togetherTeam positionsShared explorationLock speedFull tech treeHidden civsTurbo modeCheats
Victory
Defeat
1661
+21
🇺🇦 Random · Ukraine
1653
+21
🇩🇪 Turks · Germany
1596
+23
🇩🇪 Random · Germany
1581
+25
🇩🇪 Random · Germany
1807
-24
🇺🇸 Bohemians · United States
1779
-23
🇬🇧 Random · United Kingdom
1755
-22
🇩🇪 Random · Germany
1739
-21
DoubleZX
7:02 Feudal Age
10:45 Castle Age
8:54 Horse Collar
9:07 Double-Bit Axe
12:33 Wheelbarrow
12:28 Bow Saw
19:25 Heavy Plow
24:30 Imperial Age
22:48 Padded Archer Armor
23:36 Hand Cart
23:07 Town Watch
23:09 Loom
23:29 Stone Mining
23:31 Gold Mining
25:11 Artillery
26:19 Two-Man Saw
26:57 Conscription
27:52 Leather Archer Armor
27:53 Elite Janissary
31:32 Bombard Tower
31:33 Ballistics
31:04 Fletching
31:44 Ring Archer Armor
Reinhardlunsen
7:06 Feudal Age
10:53 Castle Age
9:04 Double-Bit Axe
9:15 Horse Collar
17:25 Bow Saw
17:24 Heavy Plow
20:23 Wheelbarrow
20:43 Loom
21:29 Stone Mining
21:31 Gold Mining
25:29 Imperial Age
23:19 Scale Barding Armor
24:52 Hand Cart
25:34 Chain Barding Armor
25:25 Forging
25:42 Bloodlines
25:33 Husbandry
25:41 Elite Jarl
27:39 Plate Barding Armor
27:47 Conscription
28:45 Iron Casting
28:20 Caravan
29:18 Fletching
30:42 Blast Furnace
29:20 Elite Skirmisher
30:46 Padded Archer Armor
30:42 Bodkin Arrow
El Sobol
6:53 Feudal Age
11:06 Castle Age
9:35 Scale Mail Armor
9:48 Arson
12:01 Chain Mail Armor
12:34 Loom
13:02 Double-Bit Axe
19:48 Squires
23:24 Forging
23:34 Bow Saw
24:33 Wheelbarrow
24:33 Horse Collar
25:49 Iron Casting
33:44 Imperial Age
31:39 Gold Mining
trói em vào cột điện
7:14 Feudal Age
10:49 Castle Age
8:56 Double-Bit Axe
10:47 Horse Collar
12:13 Bow Saw
16:03 Loom
20:53 Wheelbarrow
26:34 Imperial Age
24:14 Gambesons
23:55 Man-at-Arms
24:36 Squires
24:21 Arson
24:29 Gold Mining
25:20 Long Swordsman
26:30 Hand Cart
26:01 Town Watch
27:21 Gold Shaft Mining
26:37 Stone Mining
26:39 Two-Handed Swordsman
27:42 Conscription
27:54 Scale Mail Armor
27:39 Champion
29:04 Chain Mail Armor
29:10 Shield Wall
31:00 Caravan
32:33 Two-Man Saw
31:07 Clerical Recruitment
AndyThePro
7:34 Feudal Age
8:53 Double-Bit Axe
11:12 Castle Age
12:20 Bow Saw
16:10 Wheelbarrow
19:24 Horse Collar
31:07 Imperial Age
[MELO] dwei
6:57 Feudal Age
10:45 Castle Age
8:56 Double-Bit Axe
8:58 Horse Collar
11:27 Wheelbarrow
12:03 Bow Saw
12:13 Loom
14:53 Fervor
16:56 Fletching
25:05 Heavy Plow
32:52 Imperial Age
Fallout
7:27 Feudal Age
11:07 Castle Age
10:11 Double-Bit Axe
10:55 Scale Mail Armor
11:15 Horse Collar
11:59 Forging
12:03 Squires
20:01 Bow Saw
21:38 Horse Collar
25:11 Fletching
Denno037
7:23 Feudal Age
8:28 Horse Collar
11:07 Castle Age
9:00 Double-Bit Axe
12:12 Bow Saw
12:05 Heavy Plow
16:22 Loom
19:33 Gold Mining
19:59 Fletching
20:52 Bodkin Arrow
21:02 Light Cavalry
21:52 Bloodlines
21:46 Husbandry
22:22 Padded Archer Armor
23:16 Ballistics
25:09 Wheelbarrow
27:25 Imperial Age
26:36 Thumb Ring
27:29 Cranequins
27:33 Heavy Mounted Crossbowman
28:41 Bracer
28:57 Leather Archer Armor
29:22 Hand Cart
28:52 Town Watch
30:32 Chemistry
31:54 Crop Rotation
Connection lost

Rejoining the realm…

Still unreachable

The connection could not be restored.

Session expired

The server has moved on; the page needs a fresh start.